[Event "Budimex POL-ch Women 2018"]
[Site "Warsaw"]
[Date "2018.05.12"]
[Round "1"]
[White "Warakomska, Anna"]
[Black "Bartel, Marta"]
[Result "1-0"]
[ECO "B12"]
[WhiteElo "2295"]
[BlackElo "2280"]
[Annotator "NA"]
[PlyCount "45"]
[EventDate "2018.??.??"]
[EventType "tourn"]
[EventCountry "POL"]
[SourceTitle "playchess.com"]
[Source "ChessBase"]
[SourceQuality "1"]
[TimeControl "40/5400+30:1800+30"]

1. e4 c6 2. d4 d5 3. e5 c5 4. dxc5 e6 5. a3 {[%emt 0:01:04] B12: Caro-Kann: Advance Variation} (5. Nf3 Bxc5 6. Bd3 Ne7 7. O-O Ng6 8. a3 O-O 9. Nbd2 Nc6 10. b4 Bb6 11. Bb2 Nf4 12. Nb3 a5 13. Qd2 Nxd3 14. cxd3 {½-½ (38) Vitiugov,N (2735)-Anand,V (2776) Karlsruhe/Baden-Baden 2018}) 5... Bxc5 6. b4 Be7 7. Bb2 a5 $146 ({Predecessor:} 7... Bd7 8. Bd3 Nc6 9. Nf3 f6 10. O-O fxe5 11. b5 Na5 12. Nxe5 Nf6 {1-0 (44) Krivoborodov,E (2394)-Bock,J (2269) Schwaebisch Gmuend 2008}) 8. b5 Nd7 9. c4 Nb6 10. Nd2 Nh6 11. Ngf3 dxc4 12. Nxc4 Qxd1+ 13. Rxd1 Na4 14. Ba1 O-O 15. Be2 f6 16. O-O Nf7 17. Rfe1 fxe5 18. Nfxe5 Nxe5 19. Bxe5 Bf6 20. Bf3 Nc3 21. Rc1 Bxe5 $18 22. Rxe5 Na4 23. Bd1 1-0

[Event "Budimex POL-ch Women 2018"]
[Site "Warsaw"]
[Date "2018.05.12"]
[Round "1"]
[White "Sliwicka, Alicja"]
[Black "Rajlich, Iweta"]
[Result "1-0"]
[ECO "C41"]
[WhiteElo "2261"]
[BlackElo "2389"]
[Annotator "RC"]
[PlyCount "111"]
[EventDate "2018.??.??"]
[EventType "tourn"]
[EventCountry "POL"]
[SourceTitle "playchess.com"]
[Source "ChessBase"]
[SourceQuality "1"]
[TimeControl "40/5400+30:1800+30"]

1. e4 d6 2. d4 Nf6 3. Nc3 e5 4. Nf3 Nbd7 5. Bc4 Be7 6. O-O O-O 7. a4 c6 8. Re1 h6 9. Ba2 Re8 10. h3 Qc7 11. Be3 a5 12. dxe5 dxe5 13. Nh4 Nf8 14. Qf3 Be6 15. Nf5 Bxa2 16. Rxa2 Ng6 17. Ne2 Qd7 18. h4 Qe6 19. Raa1 Bf8 20. Rad1 Red8 21. Neg3 Kh7 22. b3 Ne7 23. c4 g6 24. Nxe7 Bxe7 25. h5 Bb4 26. Rf1 Nd7 27. Qe2 Nc5 28. f4 exf4 29. Rxf4 Rxd1+ 30. Qxd1 Nd7 31. Qf1 Kg8 32. Ne2 Bd6 33. Nd4 Qe5 34. Qf3 Rf8 35. Rh4 g5 36. Rh1 Re8 37. Nf5 Bf8 38. Ng3 Nf6 39. Kf2 Nxe4+ 40. Nxe4 Qxe4 41. Qxe4 Rxe4 42. Rd1 f5 43. Rd8 Kf7 44. Rb8 Bb4 45. Rxb7+ Ke6 46. Rh7 f4 47. Bb6 Kf5 48. Rxh6 c5 49. Rd6 Be1+ 50. Kf1 Bh4 51. Bxa5 Re3 52. h6 Re7 53. Bc3 g4 54. Rd1 Kg6 55. Be1 Bf6 56. Rd6 1-0

[Event "Budimex POL-ch Women 2018"]
[Site "Warsaw"]
[Date "2018.05.17"]
[Round "6"]
[White "Majdan, Joanna"]
[Black "Szczepkowska, Karina"]
[Result "0-1"]
[ECO "C07"]
[WhiteElo "2369"]
[BlackElo "2404"]
[Annotator "NA"]
[PlyCount "82"]
[EventDate "2018.??.??"]
[EventType "tourn"]
[EventCountry "POL"]
[SourceTitle "playchess.com"]
[Source "ChessBase"]
[SourceQuality "1"]
[TimeControl "40/5400+30:1800+30"]

1. e4 e6 2. d4 d5 3. Nd2 c5 4. exd5 Qxd5 5. Ngf3 cxd4 6. Bc4 Qd7 7. O-O Nc6 8. Nb3 a6 {[%emt 0:00:24] LiveBook: 84 Games} 9. Nbxd4 Nxd4 10. Nxd4 Qc7 11. Bb3 Bd6 12. Re1 Ne7 13. Qh5 O-O 14. c3 Qc5 $11 15. Qf3 e5 16. Ne2 Qc6 17. Qxc6 Nxc6 18. Ng3 h6 19. Be3 Re8 20. Bb6 Be6 21. Ne4 Bf8 22. Rad1 Bxb3 23. axb3 Re6 24. Nc5 Bxc5 25. Bxc5 Na5 26. b4 Nc4 27. b3 b6 28. bxc4 bxc5 29. bxc5 a5 30. Rd6 a4 31. f4 exf4 32. Rdxe6 fxe6 33. Rxe6 a3 34. Re1 a2 35. Ra1 Kf7 36. Kf2 Ke6 37. Ke2 Kd7 38. h4 g6 39. Kd3 Kc6 40. Kd4 Ra6 41. Kd3 Kxc5 {[%emt 0:00:34] Kd4+} 0-1

[Event "Budimex POL-ch Women 2018"]
[Site "Warsaw"]
[Date "2018.05.17"]
[Round "6"]
[White "Warakomska, Anna"]
[Black "Sliwicka, Alicja"]
[Result "1/2-1/2"]
[ECO "C96"]
[WhiteElo "2295"]
[BlackElo "2261"]
[Annotator "NA"]
[PlyCount "104"]
[EventDate "2018.??.??"]
[EventType "tourn"]
[EventCountry "POL"]
[SourceTitle "playchess.com"]
[Source "ChessBase"]
[SourceQuality "1"]
[TimeControl "40/5400+30:1800+30"]

1. e4 e5 2. Nf3 Nc6 3. Bb5 a6 4. Ba4 Nf6 5. O-O Be7 6. Re1 b5 7. Bb3 d6 8. c3 O-O 9. h3 Na5 10. Bc2 c5 11. d4 Nd7 12. a4 Bb7 13. d5 c4 $14 14. Be3 Rb8 15. axb5 axb5 16. Nbd2 f5 17. exf5 Bxd5 18. Ne4 Bxe4 19. Bxe4 Kh8 20. Bc2 Qc7 21. Ng5 Bxg5 22. Bxg5 Nf6 23. Bxf6 Rxf6 24. g4 Nc6 25. g5 Rff8 26. Re4 Ne7 27. f6 Ng6 28. fxg7+ Kxg7 29. Qh5 Kg8 30. Rg4 Qg7 31. Bxg6 hxg6 32. Qh4 Rf3 33. Rd1 Rd8 34. Rg3 Rf4 35. Rg4 Rf5 36. Qg3 d5 37. Qe3 Qf7 38. Ra1 b4 39. Qb6 Re8 40. Ra7 Qe6 41. Qxb4 Ref8 42. Rg2 Rf3 43. Qe7 Qxe7 44. Rxe7 e4 45. Re5 Rd3 46. h4 Rb8 47. h5 Rxb2 48. h6 Rh3 49. Rh2 Rxh2 50. Kxh2 Rxf2+ 51. Kg3 Rf5 52. Re8+ Kh7 1/2-1/2

[Event "Budimex POL-ch Women 2018"]
[Site "Warsaw"]
[Date "2018.05.17"]
[Round "6"]
[White "Kubicka, Anna"]
[Black "Kulon, Klaudia"]
[Result "0-1"]
[ECO "E90"]
[WhiteElo "2219"]
[BlackElo "2353"]
[Annotator "NA"]
[PlyCount "52"]
[EventDate "2018.??.??"]
[EventType "tourn"]
[EventCountry "POL"]
[SourceTitle "playchess.com"]
[Source "ChessBase"]
[SourceQuality "1"]
[TimeControl "40/5400+30:1800+30"]

1. d4 Nf6 2. c4 g6 3. Nc3 Bg7 4. e4 d6 5. Nf3 O-O 6. h3 Na6 7. Be3 e5 8. d5 Nh5 9. g3 Qe8 10. Be2 f5 11. exf5 gxf5 12. Nh4 Nf6 13. Qc2 f4 14. gxf4 exf4 15. Bd4 $1 f3 $1 16. Nxf3 Nb4 17. Qd2 Bf5 18. O-O-O $17 (18. Kd1 $11 {remains equal.}) 18... Ne4 19. Rhg1 Bg6 20. Qe3 Nxc3 21. bxc3 Qa4 22. Qe6+ Rf7 23. Rd2 Re8 24. Qg4 Nxa2+ 25. Kb2 Nxc3 26. Bxg7 Qb4+ 0-1

[Event "Budimex POL-ch Women 2018"]
[Site "Warsaw"]
[Date "2018.05.18"]
[Round "7"]
[White "Rajlich, Iweta"]
[Black "Warakomska, Anna"]
[Result "1-0"]
[ECO "D00"]
[WhiteElo "2389"]
[BlackElo "2295"]
[Annotator "NA"]
[PlyCount "129"]
[EventDate "2018.??.??"]
[EventType "tourn"]
[EventCountry "POL"]
[SourceTitle "playchess.com"]
[Source "ChessBase"]
[SourceQuality "1"]
[TimeControl "40/5400+30:1800+30"]

1. d4 d5 2. Bg5 Nf6 3. Nd2 c6 4. c3 Bf5 {[%emt 0:06:46] D00: 1 d4 d5: Unusual lines} 5. f3 (5. Qb3 Qc8 6. Ngf3 Nbd7 7. h3 g6 8. Bf4 Bg7 9. e3 O-O 10. g4 Be4 11. Nxe4 Nxe4 12. Bd3 {1-0 (42) Warakomski,T (2537)-Karpus,M (2328) Bialystok 2017}) 5... Nbd7 6. Qb3 Qb6 7. e3 e6 8. g4 Bg6 9. Bf4 h6 10. Ne2 $146 ({Predecessor:} 10. Kf2 Be7 11. h4 c5 12. Qxb6 axb6 {½-½ (54) Keuchen,M (2144)-Schmidt,J (1913) Hamburg 2007}) 10... c5 11. Qxb6 Nxb6 12. Bg3 Bd3 13. Nf4 Bxf1 14. Rxf1 cxd4 15. exd4 Bd6 16. O-O-O Ke7 17. b3 Rhc8 18. Kb2 Rc6 19. Nd3 Bxg3 20. hxg3 Nbd7 21. a4 a5 22. Nb1 Ne8 23. Nf4 Nd6 24. Na3 Rac8 25. Rc1 Rb6 26. Rfe1 Kf8 27. Kc2 Nf6 28. Nd3 Nd7 29. Re3 Rc7 30. Nf4 Rc8 31. Rh1 Kg8 32. Rb1 Rbc6 33. Kd2 Nb6 34. Rc1 R6c7 35. Ree1 Nd7 36. Nd3 Kf8 37. Nb5 Nxb5 38. axb5 Ke7 39. Rc2 b6 40. b4 axb4 41. Nxb4 Kd6 42. Ra1 e5 $14 43. Kd3 Rc4 44. Ra7 e4+ 45. fxe4 dxe4+ 46. Kd2 e3+ 47. Kd3 e2 48. Ra1 Nf6 49. Nc6 Ra4 50. Re1 Nd5 51. Rexe2 Ra1 52. Ra2 Rg1 53. Rg2 Rd1+ 54. Rad2 Rc1 55. Rc2 Re1 56. Kd2 Rb1 57. c4 Nf6 58. Re2 Re8 59. Ne5 Kc7 60. Ra2 Kb7 61. Nxf7 Rxe2+ 62. Kxe2 Rg1 63. Kf2 Rc1 64. Re2 Rxc4 65. Nd6+ 1-0

[Event "Budimex POL-ch Women 2018"]
[Site "Warsaw"]
[Date "2018.05.18"]
[Round "7"]
[White "Kulon, Klaudia"]
[Black "Majdan, Joanna"]
[Result "0-1"]
[ECO "B20"]
[WhiteElo "2353"]
[BlackElo "2369"]
[Annotator "NA"]
[PlyCount "66"]
[EventDate "2018.??.??"]
[EventType "tourn"]
[EventCountry "POL"]
[SourceTitle "playchess.com"]
[Source "ChessBase"]
[SourceQuality "1"]
[TimeControl "40/5400+30:1800+30"]

1. e4 c5 2. b3 g6 3. Bb2 Nf6 4. Qf3 d6 5. Bb5+ Nbd7 6. Bxf6 exf6 7. Nc3 a6 8. Bxd7+ Bxd7 9. Nge2 Bg7 10. O-O O-O 11. Rad1 f5 12. Qg3 Be6 13. d4 Qa5 14. d5 Bc8 15. Rd3 fxe4 16. Nxe4 Bf5 17. Re3 Bxe4 18. Rxe4 Qxa2 19. Qxd6 Qxc2 20. Ng3 Rad8 21. Qb6 Rxd5 22. Rc4 Qb2 23. Qxb7 Rfd8 24. Qb6 Bd4 25. Qb7 Re5 26. Qf3 Rde8 27. Ra4 R5e6 28. Qd3 Re1 29. h4 Bxf2+ 30. Kh2 Bxg3+ 31. Kh3 Rxf1 32. Qxf1 Qxb3 33. Rxa6 Bd6+ 0-1

[Event "Budimex POL-ch Women 2018"]
[Site "Warsaw"]
[Date "2018.05.18"]
[Round "7"]
[White "Sliwicka, Alicja"]
[Black "Kubicka, Anna"]
[Result "1-0"]
[ECO "B94"]
[WhiteElo "2261"]
[BlackElo "2219"]
[Annotator "NA"]
[PlyCount "95"]
[EventDate "2018.??.??"]
[EventType "tourn"]
[EventCountry "POL"]
[SourceTitle "playchess.com"]
[Source "ChessBase"]
[SourceQuality "1"]
[TimeControl "40/5400+30:1800+30"]

1. e4 c5 2. Nf3 d6 3. d4 cxd4 4. Nxd4 Nf6 5. Nc3 a6 6. Bg5 Nbd7 7. Qe2 {[%emt 0:00:07] B94: Sicilian Najdorf: 6 Bg5 Nbd7} (7. Bc4 h6 8. Bh4 g6 9. Qe2 e5 10. Nb3 Be7 11. a4 Nb6 12. Bd3 Be6 13. a5 Nbd7 14. Bc4 Rc8 15. Bxe6 fxe6 16. O-O {1-0 (79) Nepomniachtchi,I (2751)-Fedoseev,V (2724) Moscow 2018}) 7... Qc7 8. O-O-O g6 9. f4 e5 10. Nb3 $146 ({Predecessor:} 10. fxe5 dxe5 11. Nf3 h6 12. Bh4 Bb4 13. Nd5 Nxd5 14. exd5 O-O {1-0 (29) Pallas,S (2039)-Gungl,T (2095) Magdeburg 2014}) 10... h6 11. Bh4 Be7 12. f5 gxf5 13. exf5 b5 14. g4 b4 15. Bxf6 Nxf6 16. Bg2 Rb8 17. Nd5 Nxd5 18. Bxd5 a5 19. Nd2 Bg5 20. Kb1 Bxd2 21. Qxd2 a4 22. Rhf1 Rb6 23. g5 hxg5 24. Qxg5 a3 25. Qg7 Rf8 26. Rf3 axb2 27. Bb3 Qb7 28. Rdf1 Qa6 29. R1f2 Rb7 30. Qg1 Rc7 31. Rg3 Rc3 32. Kxb2 Rxg3 33. Qxg3 Qb6 34. Rf1 Qd4+ 35. Kb1 Bd7 {[%emt 0:00:54] [#]} 36. Qf3 (36. f6 $1 $18 Bg4 37. Qg2) 36... e4 37. Qe2 f6 $2 (37... Bc6 $14) 38. Rd1 Qe5 39. Rd5 Qf4 40. Ra5 Ke7 41. Qh5 $16 (41. Qg2 $18 {is the precise move to win.} d5 42. Bxd5) 41... Qf2 42. a3 Be8 43. Qh7+ Rf7 44. Qg8 Rf8 45. Qe6+ Kd8 46. Qxd6+ Kc8 47. Ra8+ Kb7 48. Bd5+ 1-0

[Event "Budimex POL-ch Women 2018"]
[Site "Warsaw"]
[Date "2018.05.19"]
[Round "8"]
[White "Kulon, Klaudia"]
[Black "Sliwicka, Alicja"]
[Result "1-0"]
[ECO "A40"]
[WhiteElo "2353"]
[BlackElo "2261"]
[Annotator "NA"]
[PlyCount "79"]
[EventDate "2018.??.??"]
[EventType "tourn"]
[EventCountry "POL"]
[SourceTitle "playchess.com"]
[Source "ChessBase"]
[SourceQuality "1"]
[TimeControl "40/5400+30:1800+30"]

1. d4 e6 2. Bf4 d5 3. e3 Nf6 4. Bd3 c5 5. c3 Nc6 6. Nd2 Bd6 7. Bg3 {[%emt 0:00:46] D00: Damenbauernspiele} (7. Bxd6 Qxd6 8. f4 Bd7 9. a3 Ne7 10. Ngf3 Qb6 11. Rb1 Bb5 12. Bxb5+ Qxb5 13. Qe2 Qxe2+ 14. Kxe2 Rc8 {1-0 (58) Duda,J (2717)-Dziuba,M (2584) Katowice 2017}) 7... O-O 8. f4 Bd7 9. Ngf3 $146 ({Vorgänger:} 9. Nh3 Rb8 10. a4 a6 11. Bh4 Be7 12. O-O b5 13. axb5 axb5 14. dxc5 {½-½ (83) Bellon Lopez,J (2311)-Madebrink,L (2172) Sweden 2017}) 9... Ne7 10. Ne5 a6 11. Bh4 Bb5 12. Bc2 Ng6 13. Bg5 Be7 14. h4 Nd7 15. a4 Bc6 16. Nxg6 hxg6 17. Qg4 Re8 18. h5 Bxg5 19. fxg5 Nf8 20. Qh4 f5 21. Nf3 Kf7 22. Ne5+ Ke7 23. hxg6 Nd7 24. Nf7 Qc7 25. O-O-O b5 26. Qh7 bxa4 27. Qxg7 a3 28. bxa3 cxd4 29. Ne5+ Kd8 30. exd4 Nxe5 31. Qf6+ Kc8 32. Qxe5 Qxe5 33. dxe5 Rg8 34. Rh6 Be8 35. c4 dxc4 36. Rd6 $18 Ra7 37. Rxe6 Rag7 38. Rf6 f4 39. Bf5+ Kb7 40. Be6 1-0

[Event "Budimex POL-ch Women 2018"]
[Site "Warsaw"]
[Date "2018.05.20"]
[Round "9"]
[White "Szczepkowska, Karina"]
[Black "Warakomska, Anna"]
[Result "0-1"]
[ECO "D47"]
[WhiteElo "2404"]
[BlackElo "2295"]
[Annotator "ChessBase"]
[PlyCount "94"]
[EventDate "2018.??.??"]
[EventType "tourn"]
[EventCountry "POL"]
[SourceTitle "playchess.com"]
[Source "ChessBase"]
[SourceQuality "1"]
[TimeControl "40/5400+30:1800+30"]

1. d4 d5 2. c4 c6 3. Nc3 Nf6 4. e3 e6 5. Nf3 Nbd7 6. Bd3 dxc4 7. Bxc4 b5 8. Bd3 Bd6 9. O-O O-O 10. Bd2 b4 11. Ne2 c5 12. Ng3 Bb7 13. Re1 Rc8 14. Rc1 Qb6 15. Bb1 Rfd8 16. Ng5 cxd4 17. Rxc8 Rxc8 18. e4 Ne5 19. Nh5 Nxh5 20. Qxh5 h6 21. Nh3 d3 22. b3 Qd4 23. Nf4 Bxe4 24. Qd1 Bf5 25. Be3 Qc3 26. Bd2 Qb2 27. Be3 d2 28. Bxd2 Bxb1 29. Be3 Bc5 30. Bxc5 Rxc5 31. Qxb1 Qxb1 32. Rxb1 Rc2 33. Ra1 g5 34. Nh5 Nd3 35. h3 Rc1+ 36. Rxc1 Nxc1 37. Nf6+ Kg7 38. Ne8+ Kf8 39. Nd6 Nxa2 40. Nb5 a5 41. Nd4 Nc1 42. Kf1 e5 43. Nc6 Nxb3 44. Nxe5 Nd4 45. Ke1 a4 46. Nd3 b3 47. Kd2 a3 0-1

[Event "Budimex POL-ch Women 2018"]
[Site "Warsaw"]
[Date "2018.05.20"]
[Round "9"]
[White "Rajlich, Iweta"]
[Black "Kulon, Klaudia"]
[Result "0-1"]
[ECO "A01"]
[WhiteElo "2389"]
[BlackElo "2353"]
[Annotator "NA"]
[PlyCount "74"]
[EventDate "2018.??.??"]
[EventType "tourn"]
[EventCountry "POL"]
[SourceTitle "playchess.com"]
[Source "ChessBase"]
[SourceQuality "1"]
[TimeControl "40/5400+30:1800+30"]

1. b3 Nf6 2. Bb2 g6 3. Bxf6 exf6 4. c4 d5 {[%emt 0:00:04] A01: Nimzowitsch-Larsen Opening} (4... f5 5. Nc3 d6 6. g3 Nd7 7. Bg2 Nf6 8. e3 h5 9. h4 Bh6 10. Nge2 O-O 11. O-O Re8 12. Nf4 c6 13. Nce2 a5 14. Qc2 Bd7 15. a3 Ng4 16. Rab1 Bg7 17. b4 axb4 18. axb4 Ra3 19. d4 {½-½ (19) Iturrizaga Bonelli,E (2662)-Ponomariov,R (2692) Linares 2017}) 5. cxd5 Qxd5 6. Nc3 Qa5 7. g3 c6 8. Bg2 Bg7 9. Nf3 f5 10. O-O $146 ({Predecessor:} 10. Qc1 O-O 11. O-O Nd7 12. a3 {1-0 (35) Segal,A (2324)-Lima,D (2094) Serra Negra 2002}) 10... O-O 11. Qc2 Re8 12. Rac1 Na6 13. d4 c5 14. e3 f4 15. gxf4 Bf5 16. Qd2 Rad8 17. Rfe1 (17. d5 $14) 17... cxd4 18. exd4 Rxe1+ 19. Qxe1 Nc7 20. Qe3 Ne6 21. d5 Nxf4 22. Qxf4 Bxc3 23. Qc4 Bb2 24. Rd1 Qxa2 25. Qh4 Rd7 26. Ng5 h5 27. Qg3 Kg7 28. Bh3 Bxh3 29. Qxh3 Rd8 30. Nxf7 Kxf7 31. Qe6+ Kf8 32. d6 Re8 33. Qd5 Bf6 34. d7 Rd8 35. Re1 Qa3 36. Kg2 $19 Qb4 37. h3 Qxe1 0-1